[Event "MCCT Chessable Masters 2022"]
[Site "Online"]
[Date "2022.05.16"]
[Round "14.5"]
[White "Harikrishna, Pentala"]
[Black "Mishra, Abhimanyu"]
[Result "1-0"]
[ECO "B90"]
[WhiteElo "2705"]
[BlackElo "2535"]
[Annotator "TA"]
[PlyCount "137"]
[EventDate "2022.05.19"]
[EventType "tourn"]
[EventCountry "NET"]
[SourceTitle "playchess.com"]
[Source "ChessBase"]
[SourceQuality "1"]
[TimeControl "900+10"]

1. e4 c5 2. Nf3 d6 3. d4 cxd4 4. Nxd4 Nf6 5. Nc3 a6 6. a4 e5 7. Nf3 Be7 8. Bg5 {[%emt 0:00:03] is now debated instead of 8.Bc4.} Be6 {[%emt 0:00:07] B90: Sicilian Najdorf: Unusual White 6th moves, 6 Be3 Ng4 and 6 Be3 e5.} 9. Bxf6 Bxf6 10. Nd5 {[%emt 0:00:01] Inhibits Qb6.} Nd7 {[%emt 0:00:14] The position is equal.} 11. Bc4 Rc8 12. Qe2 Nb6 13. Nxb6 Qxb6 14. Bxe6 fxe6 15. c3 {[%emt 0:00:01] Inhibits Qb4.} O-O 16. O-O {[%emt 0:00:02] [#]} a5 $146 ({Predecessor:} 16... Qc6 17. Qd1 Be7 18. Re1 Rf6 19. a5 Rcf8 20. Qa4 Qc8 21. Re3 Bd8 22. c4 Rf4 {½-½ (54) Anton Guijarro,D (2679)-Giri,A (2764) Wijk aan Zee 2021}) 17. Rfd1 Be7 18. Rd3 Rf4 19. g3 Rf7 20. h4 Rcf8 21. Kg2 Qa6 22. Re1 Qc4 23. Qd1 h6 24. Re2 Kh7 25. b3 Qc6 26. c4 Qc5 27. Ree3 Kg8 28. Rd2 Kh8 29. Red3 Bd8 30. Qh1 Qb4 {[%emt 0:01:51][%cal Of7f3] aiming for ...Rxf3!} 31. Re2 Bb6 32. Qh3 Rf6 33. Qg4 (33. g4 $1 $11 Rf4 34. g5) 33... Bc5 $15 34. h5 Qb6 (34... Kh7 $15) 35. Nh4 $11 Rxf2+ 36. Rxf2 (36. Kh3 $11 {remains equal.}) 36... Rxf2+ $17 37. Kh3 Qd8 $2 (37... Rf6 $1 $17 {stays on course.}) 38. Qxe6 $16 Qg5 (38... Rf6 $142 39. Qg4 Kh7) 39. Qe8+ $1 Kh7 40. Qg6+ Kg8 (40... Qxg6 $16 41. hxg6+ Kg8) 41. Rf3 $2 {[%emt 0:00:55] Really sharp!} (41. Qxg5 $18 {White wants to mate with Qe7.} hxg5 42. Nf5) 41... Qxg6 (41... Qxh4+ $1 $11 42. Kxh4 Rxf3) 42. hxg6 Rxf3 43. Nxf3 $11 {[%emt 0:00:01][%mdl 4096] Endgame KB-KN} Kf8 44. Kg4 Ke7 45. Kf5 (45. Kh5 $16) 45... Bf2 46. g4 Be3 47. Ne1 b6 48. Nd3 Bd2 49. c5 bxc5 50. Nb2 Kd7 $2 {[%emt 0:00:16][%mdl 8192] White leaves nothing to chance now.} (50... Bb4 $11 {and Black stays safe.}) 51. Nc4 $18 Be1 (51... Bb4 52. Nb6+ Kc6) 52. Nb6+ $1 Ke7 53. Nd5+ $1 Kd7 {[%emt 0:00:02] [#]} 54. Nf6+ $1 Ke7 {[%emt 0:00:08] [#]} 55. Nh5 $1 Kf8 56. Ke6 Bb4 57. Ng3 Ba3 58. Nf5 Bb2 59. Nxd6 Bc3 60. Kd7 Bb4 61. Nb7 {[%emt 0:00:13] Hoping for Nd6.} Bc3 62. Nxc5 {[%emt 0:00:04] White mates.} Bb4 63. Ne6+ Kg8 64. Ke8 Bd6 65. Nd8 Bb4 66. Nc6 Bc3 67. Ne7+ Kh8 68. Kf7 Bb4 69. Nf5 {[%emt 0:00:09] Weighted Error Value: White=0.17 (very precise) /Black=0.52} 1-0

[Event "MCCT Chessable Masters 2022"]
[Site "Online"]
[Date "2022.05.16"]
[Round "14.6"]
[White "Jones, Gawain C B"]
[Black "Van Foreest, Jorden"]
[Result "0-1"]
[ECO "A07"]
[WhiteElo "2669"]
[BlackElo "2715"]
[Annotator "TA"]
[PlyCount "72"]
[EventDate "2022.05.19"]
[EventType "tourn"]
[EventCountry "NET"]
[SourceTitle "playchess.com"]
[Source "ChessBase"]
[SourceQuality "1"]
[TimeControl "900+10"]

1. Nf3 d5 2. g3 g6 3. Bg2 Bg7 4. O-O e5 5. d3 Nc6 6. e4 dxe4 {[%emt 0:00:07] A07: Réti Opening: New York and Capablanca Systems.} 7. dxe4 Qxd1 8. Rxd1 Bg4 {[%emt 0:00:05] [#] The position is equal.} 9. Nbd2 $146 ({Predecessor:} 9. c3 Nf6 10. h3 Bd7 11. Nbd2 O-O-O 12. Re1 Ne8 13. Nc4 Be6 14. Bf1 f6 15. Be3 {½-½ (75) So,W (2778)-Shankland,S (2709) Saint Louis 2022}) 9... Nd4 10. c3 Ne2+ 11. Kf1 Nxc1 12. Raxc1 O-O-O 13. h3 Bd7 14. Ke1 f6 15. Nc4 Nh6 16. Nfd2 Nf7 17. Ne3 c6 18. Ndc4 Kc7 19. b4 f5 20. h4 ({Better is} 20. exf5 $15 gxf5 21. g4) 20... f4 $17 21. Nc2 (21. Nf1 $17) 21... Be6 22. Bf1 g5 23. a3 $2 {[%emt 0:01:50] [#] This costs White the game.} (23. Rxd8 $17 Rxd8 24. Rd1) 23... fxg3 $19 24. fxg3 gxh4 25. gxh4 Bf6 26. N2e3 Bxh4+ 27. Ke2 Bg5 {[%emt 0:00:10] This bishop pair is nice.} 28. Ra1 Bf4 {[%emt 0:00:35] Hoping for ...Rdg8.} 29. Bg2 Ng5 30. Rxd8 Rxd8 (30... Kxd8 $2 {perishes.} 31. Nd6 $19) 31. Rh1 Bf7 ({But not} 31... b5 $2 32. Nb2 $19) 32. Nb2 Bg6 33. Nd3 (33. Nbd1 {is a better defense.}) 33... Nxe4 {[%emt 0:00:03] Black is clearly winning.} 34. Nxf4 exf4 35. Bxe4 (35. Nf1 $142 Nxc3+ 36. Kf2) 35... Bxe4 36. Rh4 Bd3+ {[%emt 0:00:00] Weighted Error Value: White=0.50/Black=0.10 (very precise)} 0-1

[Event "MCCT Chessable Masters 2022"]
[Site "Online"]
[Date "2022.05.16"]
[Round "14.7"]
[White "Anton Guijarro, David"]
[Black "Mamedyarov, Shakhriyar"]
[Result "1/2-1/2"]
[ECO "C77"]
[WhiteElo "2691"]
[BlackElo "2770"]
[Annotator "TA"]
[PlyCount "93"]
[EventDate "2022.05.19"]
[EventType "tourn"]
[EventCountry "NET"]
[SourceTitle "playchess.com"]
[Source "ChessBase"]
[SourceQuality "1"]
[TimeControl "900+10"]

1. e4 e5 2. Nf3 Nc6 3. Bb5 a6 4. Ba4 Nf6 5. d3 b5 6. Bb3 Bc5 7. Nc3 {[%emt 0:00:02] 7.c3 is a critical line.} h6 {[%emt 0:00:29] C77: Ruy Lopez: 3...a6 4 Ba4 Nf6, unusual lines.} 8. Nd5 d6 9. c3 Rb8 10. O-O O-O {[%emt 0:00:13] [#]} 11. Bc2 $146 ({Predecessor:} 11. Re1 Nxd5 12. exd5 Ne7 13. d4 exd4 14. Nxd4 Re8 15. Be3 Bd7 16. Qf3 Bxd4 17. Bxd4 {½-½ (40) Anand,V (2751)-Mamedyarov,S (2767) Baku 2021}) 11... Ba7 12. h3 Be6 13. Nxf6+ Qxf6 14. Be3 Qg6 15. Kh2 Qh5 16. d4 {[%emt 0:04:47][%cal Bd3d4,Bd4d5][%mdl 32] [#] Strongly threatening d5.} Bg4 17. d5 Bxe3 18. fxe3 Ne7 19. Qe1 f5 (19... Bd7 $11) 20. Qg3 (20. Nh4 {is more complex.} Be2 21. Rxf5 Nxf5 22. exf5 Rbe8 23. e4) 20... fxe4 21. Qxg4 Qxg4 22. hxg4 exf3 23. gxf3 g5 (23... Nxd5 $2 24. Bb3 $18) 24. Be4 Kg7 25. Kg3 Ng8 26. Bf5 h5 27. b4 Nf6 28. e4 hxg4 29. fxg4 a5 30. Rh1 Ra8 31. a3 Ra6 32. a4 (32. c4 $5 ) 32... axb4 33. axb5 Ra3 34. Rxa3 bxa3 $11 {[%emt 0:00:00][%mdl 4096] Endgame KRB-KRN} 35. Ra1 Ra8 36. Kf3 Ng8 ({Of course not} 36... a2 37. Ke3 $15) 37. Ke3 Ne7 38. Be6 Ng6 39. Kd2 Nf4 40. Bf5 Kf6 41. Kc2 {[%emt 0:00:14] The position is equal.} a2 42. Kb3 Nd3 43. Kc2 $1 Nc5 {[%emt 0:00:03] [#] ...Ra4 is the strong threat.} 44. Kb2 Nd3+ 45. Kc2 $1 Nc5 {[%emt 0:00:01] And now ...Ra4 would win.} 46. Kb2 Nd3+ 47. Kc2 $1 {[%emt 0:00:01] A balanced but interesting game.  Weighted Error Value: White=0.05 (flawless) /Black=0.07 (flawless)} 1/2-1/2

[Event "MCCT Chessable Masters 2022"]
[Site "Online"]
[Date "2022.05.16"]
[Round "14.8"]
[White "Ding, Liren"]
[Black "Hansen, Eric"]
[Result "1/2-1/2"]
[ECO "D41"]
[WhiteElo "2806"]
[BlackElo "2606"]
[Annotator "TA"]
[PlyCount "112"]
[EventDate "2022.05.19"]
[EventType "tourn"]
[EventCountry "NET"]
[SourceTitle "playchess.com"]
[Source "ChessBase"]
[SourceQuality "1"]
[TimeControl "900+10"]

1. c4 Nf6 2. Nf3 c5 3. Nc3 d5 4. cxd5 Nxd5 5. e3 Nc6 6. Bb5 Nxc3 7. bxc3 Bd7 8. O-O e6 9. d4 Be7 {[%emt 0:00:02] D41: Queen's Gambit Declined: Semi-Tarrasch with 5 cxd5.} 10. e4 a6 11. Be2 O-O {[%emt 0:02:08] White is slightly better.} 12. Bf4 cxd4 13. cxd4 {[%emt 0:00:00] [#]} Qa5 $146 (13... Rc8 $11) ({Predecessor:} 13... Rc8 14. Rc1 Ba3 15. Rc2 b5 16. Qd3 Be7 17. Rfc1 Nb4 18. Rxc8 Bxc8 19. Qb3 Bb7 {0-1 (46) Ulanov,A (2463)-Angulo Cubero,O (2151) Chess.com INT 2019}) 14. Rb1 $16 Rfd8 15. Rxb7 (15. a4 $16) 15... Qxa2 $11 16. Bc7 Rdc8 (16... Re8 $1 $11) 17. Bb6 $16 Bd8 18. d5 exd5 $2 19. exd5 $18 (19. Rxd7 Bxb6 20. Qxd5 Qxd5 21. exd5 Nd4 22. Nxd4 Bxd4 $14) 19... Nb8 20. Bxd8 Rxd8 21. Ne5 Ba4 22. Qe1 (22. Bc4 $18 {is the precise move to win.} Qxc4 23. Nxc4 Bxd1 24. Nb6 (24. Rxd1 Nd7 $14)) 22... Nd7 $16 23. Nc6 (23. Bc4 $5 Qc2 24. Bd3 $16) 23... Re8 24. Rxd7 Qxe2 (24... Rxe2 $11 25. Qb4 Bb5) 25. Ne7+ $18 Rxe7 26. Rxe7 Qd3 (26... Qxe1 27. Rfxe1 Rd8) 27. Qe5 Bb5 {[%emt 0:00:09][%csl Gb5][%cal Rd3f1] [#]} 28. Re1 {[%emt 0:00:02][%cal Oe7e8] White wants to mate with Re8+!} h6 29. h3 Rd8 30. Qc7 Rxd5 31. Rxf7 Rg5 32. h4 (32. g3 $18 {is more deadly.}) 32... Rg6 $2 (32... Rxg2+ $16 {is more resistant.} 33. Kxg2 Qg6+ 34. Kf3 Qxf7+ 35. Qxf7+ Kxf7) 33. h5 (33. g3 $142) 33... Rg5 34. Rfe7 ({White should play} 34. Qb7 $18) 34... Qd5 $16 35. Qc8+ (35. R7e4 $16) 35... Kh7 $11 36. Qh3 {[%emt 0:00:04] Hoping for f4.} Bc6 37. f3 Qc5+ (37... Qxf3 $5 38. Qxf3 Bxf3 $14) 38. R7e3 Rxh5 39. Qe6 Rg5 40. Kf2 a5 41. g4 Bd5 (41... a4 $1 $11 {remains equal.}) 42. Qe7 (42. Qa6 $16) 42... Qc4 (42... Qd4 $11 43. Rg1 Qf4) 43. Qa3 $16 {[%emt 0:00:20] Active counter play!} Rg6 44. Qd3 (44. Qxa5 $6 Qf4 45. Rg1 (45. Qxd5 Qh2+ 46. Kf1 Qh1+ 47. Kf2 Qh2+ 48. Kf1 Qh1+ 49. Kf2 Qh2+ $11) 45... Bxf3 46. Rxf3 Qd4+ 47. Re3 (47. Kf1 Qd1+ 48. Kf2 Qd4+ 49. Re3 Rf6+ 50. Ke2 Qc4+ 51. Kd1 Rd6+ 52. Ke1 Qc1+ 53. Kf2 Rf6+ 54. Rf3 Rxf3+ 55. Kxf3 Qxg1 $11) 47... Rf6+ 48. Ke2 Qc4+ 49. Kd2 Rd6+ 50. Ke1 Qc1+ 51. Kf2 Rf6+ 52. Rf3 Rxf3+ 53. Kxf3 Qxg1 $11) 44... Qc5 (44... Qf4 $16 45. Rh1 (45. Qxd5 Qh2+ 46. Kf1 Qh3+ 47. Kg1 Qg3+ 48. Kh1 Qh3+ 49. Kg1 Qg3+ 50. Kh1 Qh3+ 51. Kg1 $11) 45... Bc4) 45. Kg3 {[%emt 0:00:10] Re5 is the strong threat.} Bc4 (45... Qc7+ $16 46. f4 Qc6) 46. Qc2 {[%emt 0:00:06][%cal Oe3e6] aiming for Re6!} Qd6+ 47. Kh3 (47. Re5 $18 {and White stays clearly on top.} Bf7 48. Kg2) 47... Bf7 (47... Qf4 $16) 48. Re5 $18 Qb4 49. Qf5 Qb3 50. R1e3 (50. Rxa5 $18 {Black must now prevent Ra6.} Be6 51. Rb5) 50... Qc4 {[%emt 0:00:03] [#]} 51. Re7 $2 ({Weaker is} 51. Rxa5 Qf1+ 52. Kg3 Qg1+ 53. Kf4 Qh2+ 54. Ke4 Be6 $17) ({Better is} 51. Qd3 $1 $16) 51... Qf1+ $11 {[%emt 0:00:10] The position is equal.} 52. Kg3 {[%emt 0:00:01] Strongly threatening Re1.} Qg1+ 53. Kh3 $1 {[%emt 0:00:27] Chess con chili.} ({But not} 53. Kf4 Qh2+ 54. Ke4 Ba2 $17) 53... Qh1+ 54. Kg3 {[%emt 0:00:01] Re1 would kill now.} Qg1+ 55. Kh3 $1 {[%emt 0:00:02] And now Re1 would win.} ({Much weaker is} 55. Kf4 Qh2+ 56. Ke4 Ba2 $17) 55... Qh1+ 56. Kg3 {[%emt 0:00:01] Threatens to win with Re1.} Qg1+ {[%emt 0:00:00] Black escapes into a draw.  Weighted Error Value: White=0.48/Black=0.45} 1/2-1/2

[Event "MCCT Chessable Masters 2022"]
[Site "Online"]
[Date "2022.05.16"]
[Round "15.1"]
[White "Hansen, Eric"]
[Black "Carlsen, Magnus"]
[Result "0-1"]
[ECO "C13"]
[WhiteElo "2606"]
[BlackElo "2864"]
[Annotator "TA"]
[PlyCount "132"]
[EventDate "2022.05.19"]
[EventType "tourn"]
[EventCountry "NET"]
[SourceTitle "playchess.com"]
[Source "ChessBase"]
[SourceQuality "1"]
[TimeControl "900+10"]

1. e4 e6 2. d4 d5 3. Nc3 Nf6 4. Bg5 dxe4 5. Nxe4 Be7 6. Bxf6 gxf6 7. Qd2 b6 {[%emt 0:00:18] C13: French: Classical System: 4 Bg5 Be7, Alekhine-Chatard Attack.} 8. O-O-O Bb7 9. Nc3 (9. Bb5+ Nd7 10. f3 f5 $15) 9... c6 {[%emt 0:00:05] The position is equal.} 10. g4 h5 11. gxh5 {[%emt 0:00:10] [#]} Nd7 $146 ({Predecessor:} 11... Rxh5 12. Be2 Rh8 13. f4 f5 14. Nf3 Nd7 15. Qe3 Qc7 16. Ne5 Rh7 17. h4 O-O-O {½-½ (37) Vucinic,G (2403)-Pezelj,N (2452) Banja Vrujci 2017}) 12. f4 f5 13. Nf3 Qc7 14. Ne5 Nxe5 (14... Rxh5 $5 15. h4 Nxe5 16. dxe5 Rxh4 17. Rxh4 Bxh4 $11) 15. dxe5 Rxh5 16. Rg1 (16. Qg2 $5 ) 16... Rh8 17. Qg2 $36 {[%emt 0:02:18][%cal Oc3b5][%mdl 2048] Black is under pressure.} Rd8 18. Be2 (18. Bc4 {is interesting.} b5 19. Qg7 Rf8 20. Rxd8+ Kxd8 21. Be2) 18... Rxd1+ (18... Bc5 $11) 19. Rxd1 $14 a6 (19... Rh6 $14 {is superior.}) 20. Bf3 $16 Rh6 21. Ne2 {[%emt 0:00:14][%cal Oh2h4] Strongly threatening h4!} (21. Qg8+ Bf8 $14) 21... Rg6 (21... Kf8 $16 {was worth a try.}) 22. Qh3 $18 Bf8 23. Kb1 ({And not} 23. Qh8 Rh6 24. Qg8 Rg6 $11) (23. Bh5 $16 Rh6 24. Nd4) 23... c5 $14 24. a4 Rh6 25. Qg2 Bxf3 26. Qxf3 Qc8 {[%emt 0:00:09] Against Qa8} 27. h3 Be7 28. Qg2 Kf8 29. Rd3 Rg6 30. Qf3 c4 31. Rd4 b5 32. axb5 axb5 33. Rd1 b4 34. Nd4 Kg7 (34... c3 {looks sharper.} 35. Nb5 Qa6 36. Nd6 Qa4) 35. Nc6 ({Better is} 35. Nb5 $15) 35... Bc5 $17 {[%emt 0:00:07] White must now prevent ...Qa8.} 36. Na5 Qa6 37. Nb7 Be3 38. Qxe3 $11 Qxb7 {[%emt 0:00:02][%mdl 4096] Endgame KQR-KQR} 39. Rg1 b3 40. Kc1 $1 Qd5 41. Rxg6+ fxg6 {[%emt 0:00:02][%cal Bf7g6,Bg6g5][%mdl 32] KQ-KQ} 42. Qa7+ Kh6 {[%emt 0:00:00] aiming for ...Qh1+.} 43. Qg1 {[%emt 0:00:03] Inhibits Qh1.} Qd8 {[%emt 0:00:23] And now ...g5 would win.} 44. Qg3 g5 {[%emt 0:01:39] Threatens to win with ...gxf4.} 45. cxb3 cxb3 46. Qxb3 Qc8+ 47. Qc3 Qa6 48. fxg5+ Kg6 49. Qg3 Qc4+ 50. Kd2 Qd4+ 51. Kc2 Qc4+ 52. Kd2 Qb4+ 53. Kc2 f4 54. Qg4 Qe4+ 55. Kd2 Qxe5 {[%emt 0:00:03] Hoping for ...Qe3+.} 56. h4 Qe3+ 57. Kd1 f3 58. h5+ $1 Kg7 {[%emt 0:00:03] ( -> ...Qd3+)} 59. Qg3 $2 {[%emt 0:00:13][%mdl 8192] [#]} (59. Qb4 $11 Qd3+ 60. Kc1 Qe3+ 61. Kd1 (61. Qd2 Qc5+ 62. Kd1 Qg1+ 63. Kc2 Qc5+ 64. Kd1 Qg1+ 65. Kc2 Qc5+ 66. Kd1 $11) 61... Qe2+ 62. Kc1 Qf1+ 63. Kd2 Qe2+ 64. Kc1 Qe3+ 65. Kd1 (65. Qd2 Qc5+ 66. Kd1 Qg1+ 67. Kc2 Qc5+ 68. Kb3 Qd5+ 69. Kc3 Qc5+ 70. Kb3 Qd5+ 71. Kc3 Qc5+ 72. Kb3 $11)) 59... e5 (59... Qe2+ $142 60. Kc1 Qf1+ 61. Kd2 Qg2+ 62. Qxg2 fxg2 63. Ke3 g1=Q+ 64. Kf4 Qd4+ 65. Kf3 Qxb2 66. h6+ Kg6 67. Ke3 Qe5+ 68. Kd2 Qxg5+ 69. Kd3 Qd5+ 70. Kc3 Kxh6 71. Kb2 e5 72. Kc2 e4 73. Kb2 e3 74. Kc2 e2 75. Kb2 e1=Q 76. Ka3 Qc3+ 77. Ka4 Qd7#) 60. Qg4 Qd3+ {[%emt 0:00:01] Black mates.} 61. Kc1 f2 62. h6+ {[%emt 0:00:03] [#]} Kg6 $1 63. Qe6+ Kxg5 {[%emt 0:00:01][%cal Rf2f1] Active counter play!} 64. Qe7+ Kg4 65. Qe6+ Qf5 66. Qc4+ Qf4+ {[%emt 0:00:01] What a fight!  Weighted Error Value: White=0.31/Black=0.19 (very precise)} 0-1

[Event "MCCT Chessable Masters 2022"]
[Site "Online"]
[Date "2022.05.16"]
[Round "15.2"]
[White "Mamedyarov, Shakhriyar"]
[Black "Ding, Liren"]
[Result "1/2-1/2"]
[ECO "D38"]
[WhiteElo "2770"]
[BlackElo "2806"]
[Annotator "TA"]
[PlyCount "36"]
[EventDate "2022.05.19"]
[EventType "tourn"]
[EventCountry "NET"]
[SourceTitle "playchess.com"]
[Source "ChessBase"]
[SourceQuality "1"]
[TimeControl "900+10"]

1. d4 Nf6 2. c4 e6 3. Nf3 d5 4. Nc3 Bb4 5. Bg5 h6 6. Bxf6 Qxf6 7. e3 O-O 8. Rc1 dxc4 9. Bxc4 c5 10. O-O cxd4 11. Nxd4 {[%emt 0:00:01] The position is equal.} (11. Ne4 Qe7 12. Nxd4 Bd7 13. Be2 Nc6 14. a3 Nxd4 15. Qxd4 Ba5 16. Qc5 Bd8 17. Rfd1 Bc6 18. Bf3 Re8 19. b4 Bb6 20. Qxe7 Rxe7 21. Nd6 Bxf3 22. gxf3 Rd7 23. Nc4 Rxd1+ 24. Rxd1 Rd8 25. Rxd8+ Bxd8 {1-0 (57) Mamedyarov,S (2765)-Ding,L (2799) Chess.com INT 2021}) 11... Bd7 {[%emt 0:00:02][%cal Bc8d7,Bd7c6,Bc6d5][%mdl 32] D38: Queen's Gambit Declined: Ragozin Defence (4 Nf3 Bb4).} 12. Qb3 Nc6 13. Nxc6 Bxc3 14. Rxc3 Bxc6 15. Bb5 Bd5 16. Bc4 Bc6 17. Bb5 {[%emt 0:00:01] [#]} Bd5 $146 ({Predecessor:} 17... Be4 18. Bd3 Bxd3 19. Rxd3 b6 20. Rfd1 Rad8 21. Rxd8 Rxd8 22. Rxd8+ Qxd8 23. g3 {½-½ (33) Storme,I (2397)-Wiedenkeller,M (2445) Helsingborg 2021}) 18. Bc4 Bc6 {[%emt 0:00:00] An even fight not without its subleties.  Weighted Error Value: White=0.01 (flawless) /Black=0.02 (flawless)} 1/2-1/2

[Event "MCCT Chessable Masters 2022"]
[Site "Online"]
[Date "2022.05.16"]
[Round "15.3"]
[White "Van Foreest, Jorden"]
[Black "Anton Guijarro, David"]
[Result "1/2-1/2"]
[ECO "C54"]
[WhiteElo "2715"]
[BlackElo "2691"]
[Annotator "TA"]
[PlyCount "162"]
[EventDate "2022.05.19"]
[EventType "tourn"]
[EventCountry "NET"]
[SourceTitle "playchess.com"]
[Source "ChessBase"]
[SourceQuality "1"]
[TimeControl "900+10"]

1. e4 e5 2. Nf3 Nc6 3. Bc4 Bc5 4. c3 Nf6 5. d3 d6 6. O-O a5 7. Re1 O-O 8. h3 Ba7 9. a4 h6 10. Nbd2 Be6 11. Bxe6 fxe6 12. Nf1 Nh5 13. Be3 Qe8 14. Bxa7 Rxa7 15. Re3 Nf4 16. h4 Qg6 17. g3 d5 18. N1h2 d4 19. Re1 Nh5 20. Kh1 (20. b4 {feels hotter.} dxc3 21. b5 c2 22. Qxc2 Nd4 23. Nxd4 exd4 24. Re2) 20... Nf6 21. Ng1 (21. Kg2 {keeps more tension.} Nd7 22. Qb3 Qf6 23. Rac1) 21... Nd7 22. Ngf3 Nc5 23. Qc2 b6 24. Rab1 Nd7 25. Qb3 Qe8 26. Rec1 Nc5 27. Qc4 dxc3 28. bxc3 Nd8 29. Ra1 Nf7 30. Rd1 Ra8 31. Qa2 (31. Kg2 $5 ) 31... Rd8 32. Qc2 Nd7 ({Black should try} 32... Qc6 $1 $15) 33. Ng4 h5 34. Ne3 Nd6 35. Kg2 Qg6 36. Qe2 Rf6 37. Rf1 Rdf8 38. Ng5 Nf7 39. Nh3 $1 Nd6 40. f3 ({Don't take} 40. Ng5 Nf7 $14) 40... Nf7 (40... R6f7 $142) 41. Nc4 Qh6 42. d4 $1 g5 43. Nxe5 $1 Ndxe5 44. dxe5 Rg6 45. hxg5 Nxg5 {[%emt 0:00:01] [#]} 46. Qe3 $1 h4 47. g4 Qg7 48. Nxg5 Rxg5 {[%emt 0:00:00] [#]} 49. Rh1 ({Better is} 49. Kh3 $1 $16) 49... Rxg4+ $1 $11 50. fxg4 Qxg4+ 51. Kh2 Rf3 52. Qxf3 $1 Qxf3 53. Rhg1+ Kh7 54. Raf1 Qe2+ 55. Kh3 Qe3+ 56. Kxh4 Qh6+ 57. Kg4 Qe3 58. Rf7+ Kg8 59. Rff1 Qxe4+ $2 (59... Kh7 $11) 60. Kh3+ $2 (60. Kh5+ $18 Kh8 61. Rf8+ Kh7 62. Rf7+ Kh8 63. Rg5 b5 64. axb5 Qh1+ 65. Kg6) 60... Kh7 $11 61. Rg3 Kh6 62. Kh2 Qe2+ (62... Qxe5 63. Rh1 Qg5 64. Kg2+ Kg6 65. Rxg5+ $18) 63. Kg1 Qxe5 64. Rg2 Qe3+ 65. Kh1 Kh5 66. c4 Qe5 67. Rh2+ Kg4 68. Rg2+ Kh3 69. Rf3+ Kh4 70. Rg8 $1 Qe1+ 71. Kg2 Qe2+ 72. Rf2 Qe4+ (72... Qxc4 $5 73. Kh1 Qc1+ 74. Kh2 Qa1 $11) 73. Kg1 Qe1+ 74. Rf1 Qe3+ 75. Kh1 Qe4+ 76. Kh2 Qe2+ (76... Qxc4 77. Rh1 Qe4 78. Kg1+ Qxh1+ 79. Kxh1 $18) 77. Kg1 Qe3+ 78. Rf2 Qe1+ 79. Kg2 Qe4+ 80. Kf1 Qb1+ 81. Kg2 Qe4+ 1/2-1/2

[Event "MCCT Chessable Masters 2022"]
[Site "Online"]
[Date "2022.05.16"]
[Round "15.4"]
[White "Mishra, Abhimanyu"]
[Black "Jones, Gawain C B"]
[Result "0-1"]
[ECO "C54"]
[WhiteElo "2535"]
[BlackElo "2669"]
[Annotator "TA"]
[PlyCount "96"]
[EventDate "2022.05.19"]
[EventType "tourn"]
[EventCountry "NET"]
[SourceTitle "playchess.com"]
[Source "ChessBase"]
[SourceQuality "1"]
[TimeControl "900+10"]

1. e4 e5 2. Nf3 Nc6 3. Bc4 Nf6 4. d3 Bc5 5. c3 d6 6. O-O O-O 7. Re1 {[%emt 0:00:38] is recently more successful than 7.Bb3.} a5 {[%emt 0:00:15] C54: Giuoco Piano: 4 c3 Nf6, main lines with 5 d4 and 5 d3.} 8. Bg5 h6 9. Bh4 Ba7 $5 {[%emt 0:00:25][%mdl 4] White has an edge. A promising side line.} 10. Na3 Kh8 11. Nc2 g5 12. Bg3 {[%emt 0:00:04] [#]} Be6 $146 ({Predecessor:} 12... Nh7 13. d4 h5 14. h3 g4 15. Nh4 Qg5 16. Ne3 exd4 17. Nef5 dxc3 18. bxc3 gxh3 {½-½ (46) Petrov,M (2533)-Niemann,H (2609) Plovdiv 2021}) 13. Bb5 Bd7 14. d4 Nxd4 15. Nfxd4 ({White should try} 15. cxd4 Bxb5 16. dxe5) 15... exd4 $16 16. Bxd7 Nxd7 17. cxd4 Qf6 18. Qd3 h5 19. f3 (19. Qb5 $142) 19... Ne5 20. Qd2 Ng6 21. Bf2 Nf4 22. Rad1 d5 23. Ne3 ({But not} 23. Qxa5 $6 dxe4 24. Rxe4 (24. fxe4 Bxd4 25. Bxd4 Qxd4+ 26. Nxd4 Rxa5 $11) (24. Qxc7 $2 Rac8 $19) 24... Bxd4 25. Bxd4 Qxd4+ 26. Rdxd4 (26. Rexd4 Rxa5 27. Rb4 Re8 $11) 26... Rxa5 $11) 23... Rad8 (23... c6 $142) 24. Nf5 $1 ({Reject} 24. Qxa5 $6 Bb6 25. Qc3 dxe4 26. fxe4 Bxd4 27. Qxc7 Rfe8 $11) 24... Rfe8 25. Qxa5 Bb6 26. Qc3 h4 27. Kh1 Re6 28. h3 Rde8 29. Qc2 Qg6 30. Bg1 Qxf5 31. exf5 Rxe1 32. Rxe1 (32. Qd2 $16 Rxd1 33. Qxd1) 32... Rxe1 $14 33. Qd2 Re2 34. Qb4 (34. Qc3 $5 Nh5 35. Be3 Ng3+ 36. Kg1 $14) 34... Kg8 {[%emt 0:00:09] Prevents Qf8+.} 35. Bh2 {[%emt 0:00:12] Threatens to win with Bxf4.} Nd3 36. Qc3 {[%emt 0:00:08][%mdl 8192] [#]} (36. Qb5 $11 Re1+ 37. Bg1 Bxd4 38. Qxd3) 36... Nf2+ $1 $19 37. Kg1 {[%emt 0:00:02] Black must now prevent Kf1.} Nd1 $1 38. Qb4 {[%emt 0:00:07] [#]} c5 $1 39. Qb5 Re1+ 40. Qf1 Rxf1+ 41. Kxf1 c4 42. Ke2 Nxb2 43. Be5 Nd3 44. Bf6 Nc1+ 45. Kd2 Nxa2 {[%emt 0:00:01] ...Nb4 is the strong threat.} 46. Bxg5 Bxd4 {[%emt 0:00:02] Black mates.} 47. Bxh4 b5 48. Kc2 b4 {[%emt 0:00:02] Black used his chance.  Weighted Error Value: White=0.55/Black=0.11 (very precise)} 0-1